TL
ARKANSAS TRAVELERS @ MIDLAND ROCKHOUNDS
04/28/2012
 
TOP OF THE 1ST
Frisco RoughRiders batting - Pitching for Wichita Wranglers : RHP Luis Marte
Pitching: RHP Luis Marte
Batting: LHB Eduardo Arredondo 0-0: Ball
1-0: Ball
2-0: Called Strike
2-1: Called Strike
2-2: Foul Ball, location: 5FF
2-2: Ball
3-2: SINGLE (Line Drive, 4M, EV 65.6 MPH)
Batting: LHB Alberto Morin 0-0: Called Strike
0-1: Ball
1-1: Ball
2-1: Fly out, F7 (Line Drive, 7, EV 103.8 MPH)
Batting: RHB Justin Turner 0-0: Foul Ball, location: 9LSF
0-1: Ball
1-1: Foul Ball, location: 9LSF
1-2: Ball
2-2: Ball
3-2: Ground out 4-3 (Groundball, 4, EV 83.8 MPH)
Eduardo Arredondo to second
Batting: RHB Henry Vargas 0-0: Swinging Strike
0-1: Ball
1-1: Foul Ball, location: 2LF
1-2: Ball
2-2: Ball
3-2: Base on Balls
Batting: SHB Joe Borchard 0-0: DOUBLE (Flyball, 8RXD, EV 105.0 MPH)
Eduardo Arredondo scores
Henry Vargas to third
Runner from 3rd tries for Home, SAFE, no throw by CF
Batting: RHB Willie Cordova 0-0: Ball
1-0: Called Strike
1-1: Fly out, F7 (Flyball, 7D, EV 103.1 MPH)
Top of the 1st over - 2 runs, 2 hits, 0 errors, 1 left on base; Frisco 2 - Wichita 0
BOTTOM OF THE 1ST
Wichita Wranglers batting - Pitching for Frisco RoughRiders : RHP Jimmy Barthmaier
Pitching: RHP Jimmy Barthmaier
Batting: LHB Mitch Maier 0-0: Ball
1-0: Called Strike
1-1: Ground out 1-3 (Groundball, P, EV 71.9 MPH)
Batting: RHB Jarrett Hoffpauir 0-0: Ball
1-0: Ball
2-0: Called Strike
2-1: Foul Ball, location: 2F
2-2: Ball
3-2: Foul Ball, location: 2F
3-2: Foul Ball, location: 7LMFF
3-2: SINGLE (Groundball, 5D, EV 104.4 MPH)
Batting: RHB Jesus Guzman 0-0: Fly out, F5 (Line Drive, 5, EV 73.1 MPH)
Batting: RHB Rolando Acosta 0-0: Ball
1-0: Called Strike
1-1: SINGLE (Line Drive, 8RS, EV 93.1 MPH)
Jarrett Hoffpauir to second
Batting: LHB Casey Grimm 0-0: Ball
1-0: Called Strike
1-1: Swinging Strike
1-2: Foul Ball, location: 2F
1-2: Strikes out swinging
Bottom of the 1st over - 0 runs, 2 hits, 0 errors, 2 left on base; Frisco 2 - Wichita 0
TOP OF THE 2ND
Frisco RoughRiders batting - Pitching for Wichita Wranglers : RHP Luis Marte
Batting: LHB Tonys Gutierrez 0-0: Called Strike
0-1: SINGLE (Groundball, 4MD, EV 98.1 MPH)
Batting: LHB Matthew Sanchez 0-0: Ball
1-0: Ball
2-0: Ball
3-0: Base on Balls
Tonys Gutierrez to second
Batting: RHB Luis Oliveros 0-0: Foul Ball, location: 9LMF
0-1: Swinging Strike
0-2: Ball
1-2: Foul Ball, location: 5F
1-2: Strikes out looking
Batting: LHB Eduardo Arredondo 0-0: Ball
1-0: Ball
2-0: Ball
3-0: Called Strike
3-1: Fly out, F9 (Flyball, 89S, EV 92.5 MPH)
Batting: LHB Alberto Morin 0-0: Called Strike
0-1: Foul Ball, location: 23FF
0-2: Ball
1-2: Fly out, F8 (Flyball, 8RM, EV 85.6 MPH)
Top of the 2nd over - 0 runs, 1 hit, 0 errors, 2 left on base; Frisco 2 - Wichita 0
BOTTOM OF THE 2ND
Wichita Wranglers batting - Pitching for Frisco RoughRiders : RHP Jimmy Barthmaier
Batting: RHB Gabriel Gutierrez 0-0: Ground out 6-3 (Groundball, 6, EV 83.8 MPH)
Batting: SHB Warren Gaspar 0-0: SINGLE (Line Drive, 7S, EV 88.1 MPH)
Batting: RHB Chris Young 0-0: Swinging Strike
0-1: Called Strike
0-2: Ball
Pickoff Throw by Catcher to First - Out!
1-2: Foul Ball, location: 25F
1-2: Strikes out swinging
Bottom of the 2nd over - 0 runs, 1 hit, 0 errors, 0 left on base; Frisco 2 - Wichita 0
TOP OF THE 3RD
Frisco RoughRiders batting - Pitching for Wichita Wranglers : RHP Luis Marte
Batting: RHB Justin Turner 0-0: Fly out, F7 (Flyball, 7, EV 88.1 MPH)
Batting: RHB Henry Vargas 0-0: Swinging Strike
0-1: Ball
1-1: Swinging Strike
1-2: Ball
2-2: Foul Ball, location: 7LSF
2-2: Strikes out swinging
Batting: SHB Joe Borchard 0-0: Ball
1-0: Ball
2-0: Ball
3-0: Called Strike
3-1: Foul Ball, location: 9LDF
3-2: Strikes out swinging
Top of the 3rd over - 0 runs, 0 hits, 0 errors, 0 left on base; Frisco 2 - Wichita 0
BOTTOM OF THE 3RD
Wichita Wranglers batting - Pitching for Frisco RoughRiders : RHP Jimmy Barthmaier
Batting: RHB Mario Mendez 0-0: Ball
1-0: Called Strike
1-1: Foul Ball, location: 2F
1-2: Foul Ball, location: 2F
1-2: Ball
2-2: Foul Ball, location: 9LSF
2-2: Ball
3-2: Base on Balls
Batting: LHB Mitch Maier 0-0: Ball
1-0: Called Strike
1-1: Fielders Choice at 2nd, 4-6 (Groundball, 4, EV 86.9 MPH)
Batting: RHB Jarrett Hoffpauir 0-0: Ball
1-0: Ball
2-0: Ball
3-0: Base on Balls
Mitch Maier to second
Batting: RHB Jesus Guzman 0-0: Called Strike
0-1: Called Strike
0-2: Strikes out looking
Batting: RHB Rolando Acosta 0-0: Ball
1-0: Foul Ball, location: 2F
1-1: Called Strike
1-2: Fly out, F7 (Flyball, 7D, EV 87.5 MPH)
Bottom of the 3rd over - 0 runs, 0 hits, 0 errors, 2 left on base; Frisco 2 - Wichita 0
TOP OF THE 4TH
Frisco RoughRiders batting - Pitching for Wichita Wranglers : RHP Luis Marte
Batting: RHB Willie Cordova 0-0: Fly out, F9 (Flyball, 89M, EV 86.3 MPH)
Batting: LHB Tonys Gutierrez 0-0: Ball
1-0: Foul Ball, location: 7LDF
1-1: SINGLE (Line Drive, 9S, EV 105.0 MPH)
Batting: LHB Matthew Sanchez 0-0: Swinging Strike
0-1: Foul Ball, location: 3F
0-2: Strikes out swinging
Batting: RHB Luis Oliveros 0-0: Called Strike
0-1: Called Strike
0-2: Foul Ball, location: 25F
0-2: Strikes out swinging
Top of the 4th over - 0 runs, 1 hit, 0 errors, 1 left on base; Frisco 2 - Wichita 0
BOTTOM OF THE 4TH
Wichita Wranglers batting - Pitching for Frisco RoughRiders : RHP Jimmy Barthmaier
Batting: LHB Casey Grimm 0-0: Foul Ball, location: 25F
0-1: Fly out, F9 (Flyball, 89M, EV 89.4 MPH)
Batting: RHB Gabriel Gutierrez 0-0: Ball
1-0: SINGLE (Line Drive, 7S, EV 89.4 MPH)
Batting: SHB Warren Gaspar 0-0: Ball
1-0: Called Strike
1-1: DOUBLE (Flyball, 78D, EV 90.0 MPH)
Gabriel Gutierrez to third
Batting: RHB Chris Young 0-0: Swinging Strike
0-1: Foul Ball, location: 9LDF
0-2: Ball
1-2: Strikes out looking
Batting: RHB Mario Mendez 0-0: Ball
1-0: Ball
2-0: Fly out, F4 (Popup, 4, EV 71.3 MPH)
Bottom of the 4th over - 0 runs, 2 hits, 0 errors, 2 left on base; Frisco 2 - Wichita 0
TOP OF THE 5TH
Frisco RoughRiders batting - Pitching for Wichita Wranglers : RHP Luis Marte
Batting: LHB Eduardo Arredondo 0-0: Ball
1-0: Swinging Strike
1-1: Foul Ball, location: 2F
1-2: Ground out 4-3 (Groundball, 34, EV 103.1 MPH)
Batting: LHB Alberto Morin 0-0: Called Strike
0-1: Ball
1-1: Called Strike
1-2: Ball
2-2: Ball
3-2: Strikes out swinging
Batting: RHB Justin Turner 0-0: Ball
1-0: Called Strike
1-1: SINGLE (Line Drive, 78S, EV 88.1 MPH)
Batting: RHB Henry Vargas 0-0: Swinging Strike
0-1: Called Strike
0-2: Strikes out swinging
Top of the 5th over - 0 runs, 1 hit, 0 errors, 1 left on base; Frisco 2 - Wichita 0
BOTTOM OF THE 5TH
Wichita Wranglers batting - Pitching for Frisco RoughRiders : RHP Jimmy Barthmaier
Batting: LHB Mitch Maier 0-0: Ball
1-0: Ground out 5-3 (Groundball, 56, EV 107.5 MPH)
Batting: RHB Jarrett Hoffpauir 0-0: Ball
1-0: Ball
2-0: Foul Ball, location: 9LDF
2-1: Fly out, F8 (Flyball, 8LM, EV 89.4 MPH)
Batting: RHB Jesus Guzman 0-0: Ball
1-0: Ball
2-0: Called Strike
2-1: SINGLE (Line Drive, 4M, EV 101.9 MPH)
Batting: RHB Rolando Acosta 0-0: Ball
1-0: Ball
2-0: Called Strike
2-1: Ball
3-1: Base on Balls
Jesus Guzman to second
Batting: LHB Casey Grimm 0-0: Called Strike
0-1: Called Strike
0-2: Foul Ball, location: 5DF
0-2: Ball
1-2: Strikes out swinging
Bottom of the 5th over - 0 runs, 1 hit, 0 errors, 2 left on base; Frisco 2 - Wichita 0
TOP OF THE 6TH
Frisco RoughRiders batting - Pitching for Wichita Wranglers : RHP Luis Marte
Batting: SHB Joe Borchard 0-0: Ground out 5-3 (Groundball, 56, EV 83.8 MPH)
Batting: RHB Willie Cordova 0-0: DOUBLE (Flyball, 8LXD, EV 98.1 MPH)
Batting: LHB Tonys Gutierrez 0-0: DOUBLE (Flyball, 8LXD, EV 108.1 MPH)
Willie Cordova scores
Batting: LHB Matthew Sanchez 0-0: Called Strike
0-1: Ball
1-1: Ball
2-1: Ball
3-1: Base on Balls
Pitching: RHP Josh Schmidt
Batting: RHB Luis Oliveros 0-0: Fielders Choice at 2nd, 4-6 (Groundball, 4, EV 86.3 MPH)
Tonys Gutierrez to third
Batting: LHB Eduardo Arredondo 0-0: Ball
1-0: Ball
2-0: Swinging Strike
2-1: Called Strike
2-2: Ground out 4-3 (Groundball, 4, EV 103.1 MPH)
Top of the 6th over - 1 run, 2 hits, 0 errors, 2 left on base; Frisco 3 - Wichita 0
BOTTOM OF THE 6TH
Wichita Wranglers batting - Pitching for Frisco RoughRiders : RHP Jimmy Barthmaier
Batting: RHB Gabriel Gutierrez 0-0: Foul Ball, location: 9LMF
0-1: Fly out, F8 (Flyball, 8RM, EV 87.5 MPH)
Batting: SHB Warren Gaspar 0-0: Called Strike
0-1: Swinging Strike
0-2: Ball
1-2: Foul Ball, location: 7LSF
1-2: Ball
2-2: Strikes out swinging
Batting: RHB Chris Young 0-0: Called Strike
0-1: Swinging Strike
0-2: Foul Ball, location: 2F
0-2: Ball
1-2: Foul Ball, location: 9LMF
1-2: Strikes out looking
Bottom of the 6th over - 0 runs, 0 hits, 0 errors, 0 left on base; Frisco 3 - Wichita 0
TOP OF THE 7TH
Frisco RoughRiders batting - Pitching for Wichita Wranglers : RHP Josh Schmidt
Batting: LHB Alberto Morin 0-0: Called Strike
0-1: Swinging Strike
0-2: Ball
1-2: Strikes out swinging
Batting: RHB Justin Turner 0-0: Foul Ball, location: 2F
0-1: Ball
1-1: Ball
2-1: Swinging Strike
2-2: Ball
3-2: Foul Ball, location: 9LSF
3-2: Ground out 1-3 (Groundball, 13S, EV 71.3 MPH)
Batting: RHB Henry Vargas 0-0: Called Strike
0-1: Foul Ball, location: 9LDF
0-2: Foul Ball, location: 3DF
0-2: Strikes out swinging
Top of the 7th over - 0 runs, 0 hits, 0 errors, 0 left on base; Frisco 3 - Wichita 0
BOTTOM OF THE 7TH
Wichita Wranglers batting - Pitching for Frisco RoughRiders : RHP Jimmy Barthmaier
Batting: RHB Mario Mendez 0-0: Ball
1-0: Foul Ball, location: 3F
1-1: Ball
2-1: Ball
3-1: Called Strike
3-2: Base on Balls
Pitching: LHP Jason Miller
Batting: LHB Mitch Maier 0-0: Ball
1-0: Fly out, F4 (Line Drive, 4, EV 67.5 MPH)
Pitching: RHP Leo Rosales
Batting: RHB Jarrett Hoffpauir 0-0: Called Strike
0-1: Fly out, F5 (Popup, 5S, EV 85.0 MPH)
Batting: RHB Jesus Guzman 0-0: Ball
1-0: DOUBLE (Line Drive, 9LS, EV 107.5 MPH)
Mario Mendez to third
Runner from 3rd tries for Home, SAFE, no throw by RF
Batting: RHB Rolando Acosta 0-0: Ball
1-0: Swinging Strike
1-1: Ball
2-1: Foul Ball, location: 2F
2-2: Foul Ball, location: 5F
2-2: Ball
3-2: Foul Ball, location: 2F
3-2: Base on Balls
Batting: LHB Casey Grimm 0-0: Called Strike
0-1: Fly out, F7 (Flyball, 7D, EV 95.0 MPH)
Bottom of the 7th over - 1 run, 1 hit, 0 errors, 2 left on base; Frisco 3 - Wichita 1
TOP OF THE 8TH
Frisco RoughRiders batting - Pitching for Wichita Wranglers : RHP Josh Schmidt
Pitching: RHP Fernando Salas
Batting: SHB Joe Borchard 0-0: Fly out, F9 (Flyball, 9, EV 87.5 MPH)
Batting: RHB Willie Cordova 0-0: Fly out, F8 (Flyball, 8RXD, EV 103.8 MPH)
Batting: LHB Tonys Gutierrez 0-0: Swinging Strike
0-1: Fly out, F7 (Flyball, 78S, EV 89.4 MPH)
Top of the 8th over - 0 runs, 0 hits, 0 errors, 0 left on base; Frisco 3 - Wichita 1
BOTTOM OF THE 8TH
Wichita Wranglers batting - Pitching for Frisco RoughRiders : RHP Leo Rosales
Pitching: RHP Jesus Rodriguez
Batting: RHB Gabriel Gutierrez 0-0: Fly out, F8 (Flyball, 8LD, EV 106.3 MPH)
Batting: SHB Warren Gaspar 0-0: Ball
1-0: Ball
2-0: Ball
3-0: Base on Balls
Pinch Hitting: LHB Tony Festa 0-0: Swinging Strike
0-1: Grounds into double play, 6-4-3 (Groundball, 6, EV 77.5 MPH)
Bottom of the 8th over - 0 runs, 0 hits, 0 errors, 0 left on base; Frisco 3 - Wichita 1
TOP OF THE 9TH
Frisco RoughRiders batting - Pitching for Wichita Wranglers : RHP Fernando Salas
Now at 1B: Tony Festa
Now in CF: Mitch Maier
Batting: LHB Matthew Sanchez 0-0: Called Strike
0-1: Swinging Strike
0-2: Ball
1-2: Foul Ball, location: 2F
1-2: Foul Ball, location: 2F
1-2: Ball
2-2: Strikes out swinging
Batting: RHB Luis Oliveros 0-0: Ball
1-0: Ball
2-0: SINGLE (Line Drive, 7S, EV 108.8 MPH)
Batting: LHB Eduardo Arredondo 0-0: Ball
1-0: Swinging Strike
1-1: Ball
2-1: Foul Ball, location: 2F
2-2: SINGLE (Groundball, 4MD, EV 96.9 MPH)
Luis Oliveros to second
Runner from 2nd tries for 3rd, SAFE, no throw by CF
Batting: LHB Alberto Morin 0-0: Called Strike
0-1: Fielders Choice at 2nd, 1-6 (Groundball, 13S, EV 72.5 MPH)
Batting: RHB Justin Turner 0-0: Ball
1-0: DOUBLE (Line Drive, 7LM, EV 110.0 MPH)
Luis Oliveros scores
Alberto Morin to third
Runner from 3rd tries for Home, SAFE, throw by LF to home
Batting: RHB Henry Vargas 0-0: Called Strike
0-1: Called Strike
0-2: Ball
1-2: Foul Ball, location: 2F
1-2: Ball
2-2: Ball
3-2: Foul Ball, location: 2F
3-2: Base on Balls
Pitching: RHP Bob File
Batting: SHB Joe Borchard 0-0: Fly out, F9 (Flyball, 9LMF, EV 96.3 MPH)
Top of the 9th over - 2 runs, 3 hits, 0 errors, 2 left on base; Frisco 5 - Wichita 1
BOTTOM OF THE 9TH
Wichita Wranglers batting - Pitching for Frisco RoughRiders : RHP Jesus Rodriguez
Pitching: LHP Brian Tallet
Pinch Hitting: LHB Trent D'Antonio 0-0: Foul Ball, location: 23FF
0-1: Called Strike
0-2: Ball
1-2: Ground out 4-3 (Groundball, 4M, EV 104.4 MPH)
Batting: LHB Mitch Maier 0-0: Ball
1-0: Ground out U3 (Groundball, 34, EV 90.6 MPH)
Batting: RHB Jarrett Hoffpauir 0-0: Called Strike
0-1: Ball
1-1: Swinging Strike
1-2: Reached on error, E6 (Groundball, 56, EV 107.5 MPH)
Batting: RHB Jesus Guzman 0-0: Foul Ball, location: 2F
0-1: Ball
1-1: Swinging Strike
1-2: Ball
2-2: SINGLE (Groundball, 56S, EV 66.3 MPH) (infield hit)
Jarrett Hoffpauir to second
Pitching: LHP Danny Zell
Batting: RHB Rolando Acosta 0-0: Foul Ball, location: 7LMF
0-1: Ball
1-1: Fielders Choice at 2nd, 6-4 (Groundball, 6, EV 86.3 MPH)
Bottom of the 9th over - 0 runs, 1 hit, 1 error, 2 left on base; Frisco 5 - Wichita 1
Wednesday, November 20th , 2024 - OOTP Baseball 25.10 Build 95